 Dungeon Crawl Stone Soup version 0.30-a0-879-ga8ba668304 (webtiles) character file.

Game seed: 2575566709989317430

104 Firecrotchwizard the Gusty (level 4, -2/24 HPs)
             Began as a Tengu Air Elementalist on Mar 13, 2023.
             Killed by nerve-wracking pain
             ... invoked by Jessica
              (9 damage)
             ... on level 3 of the Dungeon.
             The game lasted 00:07:43 (2886 turns).

Firecrotchwizard the Gusty (Tengu Air Elementalist) Turns: 2886, Time: 00:07:44

Health: -2/24      AC:  2    Str: 14    XL:     4   Next: 80%
Magic:  9/9        EV: 12    Int: 17    God:
Gold:   165        SH:  4    Dex: 15    Spells: 3/9 levels left

rFire   . . .      SeeInvis .    x - +0 dagger
rCold   . . .      Faith    .    (no shield)
rNeg    . . .      Spirit   .    a - +0 robe
rPois   .          Reflect  .    (helmet restricted)
rElec   .          Rampage  .    (no cloak)
rCorr   .                        (no gloves)
Will    .....                    (boots unavailable)
Stlth   ++                       (no amulet)
HPRegen 0.24/turn                q - +6 ring of strength
MPRegen 0.11/turn                (no ring)

@: no status effects
A: beak, talons 3, large bone plates 1, noise suppression
a: no special abilities


You were on level 3 of the Dungeon.
You visited 1 branch of the dungeon, and saw 3 of its levels.

You collected 165 gold pieces.

Inventory:

Hand Weapons
 b - a +0 mace
   (You found it on level 1 of the Dungeon)
 u - a +0 long sword
   (You found it on level 3 of the Dungeon)
 x - a +0 dagger (weapon)
   (You took it off a goblin on level 1 of the Dungeon)
Missiles
 l - 5 poisoned darts
 s - 2 stones (quivered)
Armour
 a - a +0 robe (worn)
 o - a +0 ring mail
   (You found it on level 2 of the Dungeon)
Jewellery
 q - a +6 ring of strength (left hand)
   (You found it on level 2 of the Dungeon)
Wands
 e - a wand of charming (6)
   (You found it on level 3 of the Dungeon)
 t - a wand of roots (9)
   (You found it on level 3 of the Dungeon)
Scrolls
 c - a scroll of teleportation {unknown}
 d - a scroll of immolation {unknown}
 f - 3 scrolls of identify {unknown}
 g - a scroll of fear {unknown}
 i - a scroll of noise {unknown}
 j - 3 scrolls of poison {unknown}
 n - a scroll of blinking {unknown}
 r - a scroll of vulnerability {unknown}
 y - a scroll of magic mapping {unknown}
Potions
 h - a potion of attraction {unknown}
 k - a potion of lignification {unknown}
 m - 2 potions of flight {unknown}
 p - a potion of degeneration {unknown}
 v - a potion of cancellation {unknown}
 w - 2 potions of curing {unknown}
 z - a potion of berserk rage {unknown}
 M - a potion of magic
 U - a potion of mutation {!q}


   Skills:
 - Level 2.1 Dodging
 - Level 2.0 Stealth
 + Level 3.0 Spellcasting
 + Level 3.5 Conjurations
 + Level 5.2 Air Magic


You had 3 spell levels left.
You knew the following spells:

 Your Spells              Type           Power      Damage    Failure   Level
a - Shock                 Conj/Air       68%        1d7       3%          1
b - Static Discharge      Conj/Air       34%        2-4/arc   4%          2
s - Swiftness             Air            20%        N/A       6%          3

Your spell library contained the following spells:

 Spells                   Type           Power      Damage    Failure   Level
 Call Canine Familiar     Summ           2%         N/A       45%         3
 Portal Projectile        Hex/Tloc       4%         N/A       45%         3
 Airstrike                Air            10%        2d(2-18)  21%         4
 Leda's Liquefaction      Hex/Erth       1%         N/A       86%         4


Dungeon Overview and Level Annotations

Branches:
Dungeon (3/15)

Altars:
Wu Jian

Shops:
D:1 *

Annotations:
D:3 Ijyb, Jessica, Natasha


Innate Abilities, Weirdness & Mutations

You have a beak for a mouth.
You have claws for feet.
You are partially covered in large bone plates. (SH +4)
You passively dampen the noise of your surroundings.


Message History

You now have 8/9 mp.
A ball python is nearby!
Aim: a ball python (moderately wounded, 68% to hit)
The zap hits the ball python.
You now have 7/9 mp.
Aim: a ball python (heavily wounded, 68% to hit)
The zap misses the ball python.
You now have 6/9 mp.
You throw a stone.
The stone closely misses the ball python.
You closely miss the ball python. Your peck misses the ball python.
The ball python bites you. The ball python closely misses you.
The ball python bites you. The ball python barely misses you.
You take 4 damage, and have 20/24 hp.
You barely miss the ball python. Your kick misses the ball python.
You block the ball python's attack. The ball python closely misses you.
You barely miss the ball python. You claw the ball python.
You kill the ball python!
No target in view!
You start resting.
A ball python comes into view.
A ball python is nearby!
Aim: a ball python (wandering, hasn't noticed you, 68% to hit)
The zap hits the ball python.
You kill the ball python!
You now have 6/9 mp.
No target in view!
You start resting.
An endoplasm comes into view.
Health restored: 24 You regained 2 mp, and now have 8/9 mp.
Aim: an endoplasm (wandering, hasn't noticed you, 98% to hit)
The zap hits the endoplasm.
The endoplasm quivers.
You now have 7/9 mp.
You throw a stone. The stone hits the endoplasm.
You kill the endoplasm!
No target in view!
No target in view!
You see here a ball python corpse.
An adder is nearby!
MP restored: 9
Aim: an adder (wandering, hasn't noticed you, 53% to hit)
The zap hits the adder.
You now have 8/9 mp.
Aim: an adder (moderately wounded, 53% to hit)
The zap hits the adder.
You now have 7/9 mp.
Aim: an adder (heavily wounded, 53% to hit)
The zap hits the adder!
You kill the adder!
Your Spellcasting skill increases to level 3!
You now have 6/9 mp.
You start resting.
MP restored: 9 A quokka comes into view.
Aim: a quokka (asleep, 100% to hit)
You miscast Shock.
You are very lightly contaminated with residual magic.
Nothing appears to happen.
You now have 8/9 mp.
Aim: a quokka (60% to hit)
The zap misses the quokka.
You now have 7/9 mp.
Aim: a quokka (60% to hit)
The zap hits the quokka.
You kill the quokka!
You now have 6/9 mp.
Okay, then.
Okay, then.
This spell is quite dangerous to cast!
Memorise Swiftness, consuming 3 spell levels and leaving 3?
You start memorising the spell.
You continue memorising. x3
Your magical contamination has completely faded away.
You finish memorising.
Spell assigned to 's'.
f - 3 scrolls labelled DESIQOPNEL (gained 1) Natasha and Ijyb come into view.
Ijyb is wielding a +0 club and carrying a wand of mindburst (18).
MP restored: 9 Jessica the Apprentice Sorceress comes into view.
She is wielding a +0 dagger.
Jessica shouts!
Jessica gestures at you while chanting. Pain shoots through your body!
Ouch! That really hurt!
You take 12 damage, and have 12/24 hp.
MASSIVE DAMAGE!!
You hit Jessica but do no damage. You claw Jessica. Your peck misses Jessica.
Jessica hits you with a +0 dagger.
* * * LOW HITPOINT WARNING * * *
You take 5 damage, and have 7/24 hp.
MASSIVE DAMAGE!!
You hit Jessica but do no damage. Jessica barely misses you.
You hit Jessica but do no damage. Jessica gestures at you while chanting.
You barely resist. You hit Jessica but do no damage.
You claw Jessica, but do no damage. Your peck misses Jessica.
Jessica gestures at you while chanting. Pain shoots through your body!
You die...

..#
#.#....###.#
#...# .##
#..>.....#.#
#...#########
.#
########.#.#
#...........#
.# .#.#
#.†.#######.#
.# #.# #...#
#.# ## #.#
#...# #.# #.#
#...# #.#
#####.##
#...# #.#
#.....@#
#...# #.#
#.#.##@#
##### #.# #.
.... #.# #
#...## #.##
....# #...
.....# ####
.....# #####
#...... #....
#.###


You could see Jessica.

Vanquished Creatures
  4 adders
  2 dart slugs (D:1)
  10 bats
  6 endoplasms
  2 giant cockroaches
  5 goblins
  9 hobgoblins
  4 quokkas
  5 ball pythons
  5 frilled lizards
  3 kobolds
  4 rats
59 creatures vanquished.

Notes
Turn   | Place    | Note
-------+----------+-------------------------------------------
     0 | D:1      | Firecrotchwizard the Tengu Air Elementalist began the quest
                  | for the Orb.
     0 | D:1      | Reached XP level 1. HP: 10/10 MP: 4/4
   164 | D:1      | Reached XP level 2. HP: 15/15 MP: 0/6
   232 | D:1      | Reached skill level 2 in Conjurations
   296 | D:1      | Found Pul Puni's Assorted Antiques.
   608 | D:1      | Learned a level 2 spell: Static Discharge
   674 | D:1      | Reached XP level 3. HP: 19/19 MP: 5/7
  1662 | D:2      | Reached skill level 3 in Conjurations
  1662 | D:2      | Found an ornate altar of the Wu Jian Council.
  1821 | D:2      | Reached XP level 4. HP: 24/24 MP: 9/9
  1914 | D:2      | HP: 5/24 [adder (3)]
  1917 | D:2      | Reached skill level 5 in Air Magic
  1917 | D:2      | HP: 2/24 [poisoned by an adder]
  1918 | D:2      | Gained mutation: You are partially covered in large bone
                  | plates. (SH +4) [potion of mutation]
  1918 | D:2      | Gained mutation: You passively dampen the noise of your
                  | surroundings. [potion of mutation]
  2740 | D:3      | Reached skill level 3 in Spellcasting
  2778 | D:3      | Learned a level 3 spell: Swiftness
  2835 | D:3      | Noticed Natasha
  2835 | D:3      | Noticed Ijyb
  2880 | D:3      | Noticed Jessica
  2886 | D:3      | Killed from afar by Jessica

Illustrated notes

Levels and vault maps discovered:
D:1:      denvon_arrival_planthouse, layout_loops_corners, serial_shops,
          nicolae_lakefront_shop
D:2:      kennysheep_six_static_rooms, layout_loops_corners, basic_altar
D:3:      layout_basic, uniq_natasha, uniq_jessica, uniq_ijyb

Skill      XL: |  1  2  3  4 |
---------------+-------------+-----
Conjurations   | 2 3 |  3.5
Air Magic      | 5 |  5.2
Spellcasting   | 3 |  3.0
Dodging        | |  2.1
Stealth        | |  2.0

Action                     |  1- 3 |  4- 6 || total
---------------------------+-------+-------++-------
  Melee: Peck              |    13 |     3 ||    16
         Unarmed           |     2 |       ||     2
         Dagger            |    51 |    21 ||    72
         Kick              |    11 |     5 ||    16
         Punch             |     2 |       ||     2
  Throw: Stone             |    11 |     5 ||    16
   Cast: Shock             |    32 |    31 ||    63
         Static Discharge  |     1 |     1 ||     2
    Use: Potion            |       |     1 ||     1
   Stab: Sleeping          |     5 |       ||     5
 Armour: Robe              |     8 |     6 ||    14
  Dodge: Dodged            |    29 |    15 ||    44
  Block: Other             |       |     1 ||     1

Table legend: (Time is in decaauts)
 A = Elapsed time spent in this place.
 B = Non-inter-level travel time spent in this place.
 C = Inter-level travel time spent in this place.
 D = Time resting spent in this place.
 E = Time spent auto-exploring this place.
 F = Levels seen in this place.
 G = Mean time per level.
                   A        B        C        D        E       F      G
               +--------+--------+--------+--------+--------+-----+--------+
         Total |   2886 |   2832 |     54 |    317 |   2165 |   3 |  962.0 |
       Dungeon |   2886 |   2832 |     54 |    317 |   2165 |   3 |  962.0 |
               +--------+--------+--------+--------+--------+-----+--------+

Top non-repeatable levels by time:
     D:1: 1121 daAuts
     D:2: 1073 daAuts
     D:3: 690 daAuts

Table legend:
 A = Kills in this place as a percentage of kills in the entire game.
 B = Kills by you in this place as a percentage of kills by you in the entire game.
 C = Kills by friends in this place as a percentage of kills by friends in the entire game.
 D = Other kills in this place as a percentage of other kills in the entire game.
 E = Experience gained in this place as a percentage of experience gained in the entire game.
 F = Experience gained in this place divided by the number of levels of this place that you have seen.
                   A       B       C       D       E      F
               +-------+-------+-------+-------+-------+----------------------
         Total | 100.0 | 100.0 |   N/A |   N/A | 100.0 |  49.7
       Dungeon | 100.0 | 100.0 |   N/A |   N/A | 100.0 |  49.7
               +-------+-------+-------+-------+-------+----------------------
